AoeStats
← Tristamen

Arena

508579213Analyzed
4v4 RM · 10d ago on Sep 23, 2026· 56m 1s· 8 players
Game mode
Random Map
Map size
Large (8 player)
Population
200
Speed
Normal
Resources
Standard
Victory
Conquest
Starting age
Dark Age
Ending age
Imperial Age
RankedLock teamsTeams togetherTeam positionsShared explorationLock speedFull tech treeHidden civsTurbo modeCheats
Victory
Defeat
🇺🇸 Franks · United States
1201
+13
🇺🇸 Vietnamese · United States
1183
+14
🇺🇸 Britons · United States
1170
+14
🇨🇦 Huns · Canada
1158
+15
🇺🇸 Burgundians · United States
1198
-17
🇺🇸 Gurjaras · United States
1135
-14
🇺🇸 Tupi · United States
1108
-13
🇺🇸 Spanish · United States
1081
-12
mazerr88
11:11 Feudal Age
12:12 Loom
16:16 Castle Age
14:27 Double-Bit Axe
14:37 Gold Mining
14:33 Horse Collar
19:43 Heavy Plow
25:28 Wheelbarrow
31:05 Husbandry
31:16 Bloodlines
37:21 Sanctity
38:28 Gold Shaft Mining
40:44 Imperial Age
38:57 Hand Cart
38:27 Town Watch
38:38 Arson
Tristamen
0:27 Loom
11:30 Feudal Age
11:57 Double-Bit Axe
17:41 Castle Age
17:33 Horse Collar
19:35 Bow Saw
30:56 Ballistics
34:31 Fortified Wall
35:06 Heavy Plow
42:30 Imperial Age
41:09 Wheelbarrow
42:55 Cavalier
44:39 Husbandry
48:41 Bloodlines
54:13 Paladin
SneakyJeff
4:24 Double-Bit Axe
8:46 Horse Collar
11:36 Feudal Age
15:47 Castle Age
14:38 Gold Mining
17:08 Husbandry
18:52 Wheelbarrow
18:03 Loom
21:14 Forging
24:07 Cavalier
24:59 Scale Barding Armor
27:09 Stone Mining
36:04 Imperial Age
34:58 Fletching
35:09 Padded Archer Armor
37:00 Iron Casting
37:27 Conscription
36:57 Elite Skirmisher
37:54 Heavy Plow
40:40 Bodkin Arrow
41:46 Blast Furnace
41:07 Leather Archer Armor
41:20 Burgundian Vineyards
42:47 Chemistry
42:08 Ballistics
42:25 Paladin
45:30 Light Cavalry
46:47 Hussar
49:01 Bracer
50:57 Chain Barding Armor
51:37 Blast Furnace
54:32 Bow Saw
ray_quazaa
7:37 Loom
10:59 Feudal Age
16:46 Castle Age
15:06 Fletching
18:12 Double-Bit Axe
18:10 Horse Collar
18:29 Bodkin Arrow
25:09 Bow Saw
25:03 Heavy Plow
46:16 Imperial Age
44:48 Padded Archer Armor
51:24 Conscription
Hungry Hippo
2:58 Loom
11:13 Feudal Age
16:49 Castle Age
14:55 Double-Bit Axe
15:01 Horse Collar
19:55 Padded Archer Armor
20:19 Bow Saw
21:55 Fletching
26:34 Thumb Ring
27:40 Heavy Plow
29:00 Murder Holes
29:16 Masonry
29:53 Scale Barding Armor
29:59 Forging
32:03 Gold Mining
32:05 Stone Mining
33:37 Ballistics
33:33 Leather Archer Armor
33:14 Bodkin Arrow
36:35 Imperial Age
33:52 Town Watch
35:16 Wheelbarrow
34:45 Town Patrol
35:47 Chain Barding Armor
35:32 Marauders
36:55 Iron Casting
36:32 Bloodlines
36:22 Husbandry
35:43 Light Cavalry
38:22 Two-Man Saw
39:11 Parthian Tactics
38:38 Hussar
39:44 Heavy Cavalry Archer
42:09 Blast Furnace
41:30 Hand Cart
43:17 Bracer
45:07 Plate Barding Armor
45:25 Elite Tarkan
46:26 Conscription
49:59 Atheism
49:45 Scale Mail Armor
50:49 Chemistry
50:08 Arson
50:23 Squires
49:44 Pikeman
51:18 Chain Mail Armor
53:10 Clinker Construction
Fasili
10:09 Feudal Age
13:51 Castle Age
12:13 Double-Bit Axe
15:24 Bow Saw
22:38 Loom
24:31 Wheelbarrow
27:55 Imperial Age
26:09 Forging
26:04 Scale Barding Armor
26:12 Husbandry
28:06 Iron Casting
28:35 Cavalier
29:58 Fortified Wall
42:43 Elite Skirmisher
43:31 Fletching
43:42 Padded Archer Armor
44:05 Hand Cart
44:17 Bodkin Arrow
44:52 Ballistics
45:48 Chemistry
45:41 Imperial Skirmisher
48:53 Leather Archer Armor
48:39 Scale Mail Armor
50:08 Blast Furnace
49:07 Pikeman
49:48 Squires
49:34 Arson
51:22 Chain Mail Armor
51:22 Halberdier
53:25 Town Watch
54:11 Plate Mail Armor
Firebat
10:35 Feudal Age
14:30 Castle Age
13:43 Double-Bit Axe
13:53 Stone Mining
14:16 Horse Collar
37:08 Fletching
38:40 Bodkin Arrow
39:54 Bow Saw
41:11 Padded Archer Armor
41:48 Wheelbarrow
42:58 Hand Cart
43:25 Ballistics
46:01 Heavy Plow
46:54 Gold Mining
50:49 Imperial Age
48:07 Loom
48:59 Leather Archer Armor
51:33 Stone Shaft Mining
51:39 Bracer
52:56 Chemistry
52:18 Elite Rattan Archer
53:58 Ring Archer Armor
53:52 Forging
53:42 Scale Mail Armor
53:33 Pikeman
55:38 Two-Man Saw
55:10 Crop Rotation
55:02 Squires
55:13 Halberdier
56:26 Chain Mail Armor
ShadowX
2:32 Loom
10:42 Feudal Age
15:10 Castle Age
13:57 Double-Bit Axe
17:41 Horse Collar
19:05 Stone Mining
26:03 Gold Mining
29:38 Imperial Age
27:46 Wheelbarrow
28:39 Forging
28:29 Scale Mail Armor
28:14 Pikeman
28:54 Squires
29:42 Hand Cart
29:35 Heavy Plow
30:09 Bow Saw
30:57 Halberdier
32:49 Conscription
33:13 Iron Casting
33:38 Fletching
34:21 Yeomen
38:13 Ballistics
38:54 Chemistry
41:24 Blast Furnace
40:20 Bodkin Arrow
40:28 Elite Skirmisher
41:09 Imperial Skirmisher
44:13 Bracer
44:14 Padded Archer Armor
Connection lost

Rejoining the realm…

Still unreachable

The connection could not be restored.

Session expired

The server has moved on; the page needs a fresh start.